General information
- name: BNet
- type: Ladder team game (AT/RT)
- host: Battle.net
- saver: SorryIWontPlay
map: Cherryville
- players: 8
- length: 22:07
- speed: Fast
- version: 1.27 W3XP
- replay type: Public
» download(174 KB)
Players
team 1 (loser)

»
Arafat (
yellow | 54 APM | 1178 actions | 21:50)
5 Death Knight
2 Death Coil
3 Unholy Aura
3 Crypt Lord
1 Impale
2 Spiked Carapace
» actions
| Assign group hotkey | 25 | |
| Basic commands | 22 | |
| Build / train | 75 | |
| Enter build submenu | 14 | |
| Enter hero's abilities submenu | 9 | |
| Give item / drop item | 7 | |
| Right click | 365 | |
| Select / deselect | 265 | |
| Select group hotkey | 346 | |
| Use ability | 50 | |
1178 total
» units
| Acolyte | 8 | |
| Ghoul | 3 | |
| Crypt Fiend | 9 | |
| Frost Wyrm | 6 | |
| Gargoyle | 11 | |
37 total
» upgrades
| Creature Attack | 3 | |
| Creature Carapace | 3 | |
| Web | 1 | |
| Burrow | 1 | |
| Freezing Breath | 1 | |
9 total
» buildings
| Ziggurat | 8 | |
| Altar of Darkness | 1 | |
| Crypt | 1 | |
| Tomb of Relics | 1 | |
| Graveyard | 1 | |
| Nerubian Tower | 1 | |
| Halls of the Dead | 1 | |
| Necropolis | 1 | |
| Sacrificial Pit | 1 | |
| Black Citadel | 1 | |
| Spirit Tower | 2 | |
| Boneyard | 2 | |
21 total
» build order
00:08 Ziggurat
00:11 Altar of Darkness
00:54 Crypt
01:06 Tomb of Relics
01:16 Ziggurat
01:34 Graveyard
01:49 Nerubian Tower
03:44 Ziggurat
06:28 Halls of the Dead
06:56 Ziggurat
06:58 Ziggurat
07:03 Necropolis
07:07 Ziggurat
07:10 Ziggurat
08:51 Sacrificial Pit
08:54 Black Citadel
09:47 Spirit Tower
11:04 Spirit Tower
11:07 Ziggurat
11:35 Boneyard
11:35 Boneyard
» items
| Rod of Necromancy | 1 | |
| Potion of Healing | 2 | |
| Scroll of Town Portal | 2 | |
| Orb of Corruption | 1 | |
6 total

»
Drayden830 (
blue | 69 APM | 1509 actions | 21:45)
4 Death Knight
2 Death Coil
2 Unholy Aura
» actions
| Assign group hotkey | 16 | |
| Build / train | 99 | |
| Enter build submenu | 26 | |
| Enter hero's abilities submenu | 4 | |
| Remove unit from queue | 2 | |
| Right click | 576 | |
| Select / deselect | 595 | |
| Select group hotkey | 117 | |
| Use ability | 74 | |
1509 total
» units
| Acolyte | 32 | |
| Ghoul | 13 | |
| Crypt Fiend | 7 | |
| Necromancer | 9 | |
61 total
» upgrades
| Unholy Strength | 2 | |
| Unholy Armor | 2 | |
| Web | 1 | |
| Necromancer Training | 1 | |
| Skeletal Longevity | 1 | |
7 total
» buildings
| Ziggurat | 15 | |
| Altar of Darkness | 1 | |
| Crypt | 1 | |
| Tomb of Relics | 1 | |
| Graveyard | 1 | |
| Nerubian Tower | 3 | |
| Halls of the Dead | 3 | |
| Spirit Tower | 10 | |
| Temple of the Damned | 2 | |
| Black Citadel | 3 | |
| Slaughterhouse | 1 | |
41 total
» build order
00:08 Ziggurat
00:12 Altar of Darkness
00:45 Crypt
01:00 Ziggurat
01:18 Tomb of Relics
01:38 Graveyard
02:08 Nerubian Tower
02:18 Nerubian Tower
04:37 Ziggurat
05:43 Ziggurat
06:14 Halls of the Dead
06:14 Halls of the Dead
07:05 Ziggurat
07:13 Ziggurat
07:22 Ziggurat
07:30 Ziggurat
08:01 Spirit Tower
08:01 Spirit Tower
08:18 Spirit Tower
08:18 Spirit Tower
08:19 Spirit Tower
08:19 Spirit Tower
08:22 Spirit Tower
08:22 Spirit Tower
08:49 Temple of the Damned
08:58 Temple of the Damned
14:44 Black Citadel
14:44 Black Citadel
15:11 Ziggurat
15:13 Ziggurat
15:17 Ziggurat
15:19 Ziggurat
16:26 Nerubian Tower
17:24 Spirit Tower
17:47 Black Citadel
19:21 Ziggurat
19:23 Ziggurat
19:24 Ziggurat
19:34 Slaughterhouse
» items
| Rod of Necromancy | 1 | |
| Dust of Appearance | 1 | |
| Potion of Healing | 1 | |
| Potion of Mana | 1 | |
4 total
seerseer69 (
green | 44 APM | 969 actions | 22:05)
6 Death Knight
3 Death Coil
3 Unholy Aura
» actions
| Assign group hotkey | 12 | |
| Basic commands | 7 | |
| Build / train | 70 | |
| Enter build submenu | 13 | |
| Enter hero's abilities submenu | 6 | |
| Give item / drop item | 2 | |
| Remove unit from queue | 3 | |
| Right click | 402 | |
| Select / deselect | 315 | |
| Select group hotkey | 77 | |
| Use ability | 62 | |
969 total
» units
| Acolyte | 13 | |
| Ghoul | 9 | |
| Abomination | 7 | |
| Gargoyle | 12 | |
41 total
» upgrades
| Unholy Strength | 3 | |
| Unholy Armor | 4 | |
| Cannibalize | 1 | |
| Disease Cloud | 1 | |
9 total
» buildings
| Altar of Darkness | 1 | |
| Crypt | 1 | |
| Ziggurat | 7 | |
| Graveyard | 1 | |
| Tomb of Relics | 1 | |
| Halls of the Dead | 1 | |
| Nerubian Tower | 1 | |
| Slaughterhouse | 3 | |
| Spirit Tower | 4 | |
| Black Citadel | 2 | |
22 total
» build order
00:11 Altar of Darkness
00:15 Crypt
00:28 Ziggurat
01:04 Graveyard
01:26 Tomb of Relics
02:01 Ziggurat
04:24 Halls of the Dead
06:37 Nerubian Tower
06:41 Ziggurat
06:42 Ziggurat
06:45 Ziggurat
06:47 Ziggurat
07:29 Slaughterhouse
07:32 Slaughterhouse
07:42 Spirit Tower
07:43 Spirit Tower
10:02 Black Citadel
10:02 Black Citadel
11:16 Ziggurat
11:25 Spirit Tower
11:27 Spirit Tower
13:10 Slaughterhouse
» items
Reddawn1 (
orange | 55 APM | 1192 actions | 21:51)
4 Blood Mage
1 Flame Strike
1 Siphon Mana
2 Banish
» actions
| Assign group hotkey | 8 | |
| Basic commands | 47 | |
| Build / train | 106 | |
| Enter build submenu | 38 | |
| Enter hero's abilities submenu | 4 | |
| Remove unit from queue | 1 | |
| Right click | 554 | |
| Select / deselect | 336 | |
| Select group hotkey | 41 | |
| Use ability | 57 | |
1192 total
» units
| Peasant | 36 | |
| Footman | 10 | |
| Rifleman | 24 | |
| Mortar Team | 2 | |
| Flying Machine | 5 | |
| Priest | 7 | |
84 total
» upgrades
| Armor | 2 | |
| Gunpowder | 1 | |
| Flare | 1 | |
| Magic Sentry | 1 | |
5 total
» buildings
| Altar of Kings | 1 | |
| Farm | 9 | |
| Scout Tower | 15 | |
| Barracks | 1 | |
| Arcane Tower | 4 | |
| Blacksmith | 1 | |
| Lumber Mill | 1 | |
| Guard Tower | 5 | |
| Keep | 1 | |
| Workshop | 1 | |
| Town Hall | 1 | |
| Arcane Sanctum | 1 | |
| Gryphon Aviary | 1 | |
| Castle | 1 | |
| Arcane Vault | 1 | |
44 total
» build order
00:10 Altar of Kings
00:14 Farm
00:14 Farm
00:59 Farm
01:03 Scout Tower
01:06 Farm
01:40 Barracks
02:15 Arcane Tower
02:20 Scout Tower
02:43 Blacksmith
02:51 Lumber Mill
04:07 Guard Tower
04:09 Farm
05:27 Scout Tower
05:28 Scout Tower
06:21 Keep
06:25 Guard Tower
06:36 Farm
07:04 Farm
08:38 Guard Tower
09:40 Workshop
11:49 Town Hall
11:52 Scout Tower
11:52 Scout Tower
11:53 Scout Tower
11:56 Scout Tower
12:42 Guard Tower
13:06 Farm
13:06 Farm
14:36 Scout Tower
16:05 Guard Tower
16:10 Arcane Sanctum
16:22 Scout Tower
16:54 Arcane Tower
17:12 Scout Tower
17:26 Scout Tower
17:43 Gryphon Aviary
17:56 Arcane Tower
18:15 Scout Tower
18:54 Arcane Tower
18:56 Scout Tower
18:59 Scout Tower
19:28 Castle
19:49 Arcane Vault
team 2 (winner)
SorryIWontPlay (
pink | 84 APM | 1865 actions | 22:07)
9 Blood Mage
3 Flame Strike
3 Siphon Mana
1 Summon Phoenix
2 Banish
» actions
| Assign group hotkey | 76 | |
| Basic commands | 26 | |
| Build / train | 98 | |
| Enter build submenu | 33 | |
| Enter hero's abilities submenu | 9 | |
| Give item / drop item | 4 | |
| Remove unit from queue | 8 | |
| Right click | 768 | |
| Select / deselect | 331 | |
| Select group hotkey | 397 | |
| Use ability | 115 | |
1865 total
» units
| Peasant | 14 | |
| Footman | 6 | |
| Goblin Shredder | 1 | |
| Sorceress | 5 | |
| Goblin Sapper | 2 | |
| Gryphon Rider | 4 | |
32 total
» upgrades
| Masonry | 3 | |
| Sorceress Training | 1 | |
| Swords | 3 | |
| Armor | 3 | |
| Storm Hammers | 1 | |
| Animal War Training | 1 | |
| Magic Sentry | 1 | |
13 total
» buildings
| Altar of Kings | 1 | |
| Barracks | 1 | |
| Farm | 5 | |
| Scout Tower | 19 | |
| Arcane Vault | 1 | |
| Arcane Tower | 1 | |
| Town Hall | 1 | |
| Keep | 1 | |
| Lumber Mill | 1 | |
| Guard Tower | 4 | |
| Castle | 1 | |
| Arcane Sanctum | 1 | |
| Gryphon Aviary | 4 | |
| Blacksmith | 2 | |
43 total
» build order
00:36 Altar of Kings
00:38 Barracks
00:51 Farm
00:52 Farm
01:04 Farm
01:37 Farm
01:59 Scout Tower
03:07 Arcane Vault
03:45 Arcane Tower
04:06 Town Hall
05:17 Keep
05:27 Scout Tower
05:29 Scout Tower
05:32 Scout Tower
05:34 Scout Tower
05:36 Scout Tower
05:46 Lumber Mill
06:31 Guard Tower
08:19 Castle
08:21 Arcane Sanctum
08:43 Scout Tower
08:44 Scout Tower
08:44 Scout Tower
08:45 Scout Tower
08:46 Scout Tower
08:47 Scout Tower
08:47 Scout Tower
08:47 Scout Tower
09:32 Guard Tower
09:43 Scout Tower
09:46 Scout Tower
09:48 Scout Tower
10:03 Scout Tower
10:05 Scout Tower
10:09 Guard Tower
13:07 Gryphon Aviary
13:07 Gryphon Aviary
13:08 Gryphon Aviary
13:10 Blacksmith
13:14 Blacksmith
13:17 Farm
16:37 Guard Tower
» items
| Scroll of Regeneration | 7 | |
| Mechanical Critter | 1 | |
| Staff of Teleportation | 1 | |
| Boots of Speed | 1 | |
| Periapt of Vitality | 2 | |
| Potion of Invisibility | 1 | |
| Potion of Healing | 4 | |
| Lesser Clarity Potion | 3 | |
| Scroll of Town Portal | 4 | |
| Potion of Mana | 2 | |
| Scroll of Healing | 1 | |
| Scroll of Protection | 1 | |
28 total
stalkingnova (
teal | 68 APM | 1504 actions | 22:06)
6 Dark Ranger
3 Black Arrow
2 Life Drain
1 Charm
2 Priestess of the Moon
1 Trueshot Aura
1 Searing Arrows
» actions
| Assign group hotkey | 37 | |
| Basic commands | 35 | |
| Build / train | 95 | |
| Enter build submenu | 29 | |
| Enter hero's abilities submenu | 8 | |
| Give item / drop item | 4 | |
| Remove unit from queue | 1 | |
| Right click | 631 | |
| Select / deselect | 406 | |
| Select group hotkey | 208 | |
| Use ability | 50 | |
1504 total
» units
| Wisp | 30 | |
| Archer | 13 | |
| Hippogryph | 8 | |
| Huntress | 3 | |
54 total
» upgrades
| Moon Armor | 3 | |
| Strength of the Moon | 5 | |
| Improved Bows | 2 | |
| Hippogryph Taming | 1 | |
| Ultravision | 1 | |
| Strength of the Wild | 3 | |
| Reinforced Hides | 2 | |
| Marksmanship | 1 | |
| Upgrade Moon Glaive | 1 | |
| Well Spring | 1 | |
20 total
» buildings
| Ancient of War | 2 | |
| Altar of Elders | 1 | |
| Moon Well | 9 | |
| Ancient of Wonders | 2 | |
| Hunter's Hall | 2 | |
| Tree of Ages | 1 | |
| Tree of Life | 1 | |
| Ancient of Wind | 2 | |
| Ancient Protector | 4 | |
| Tree of Eternity | 1 | |
25 total
» build order
00:13 Ancient of War
00:21 Altar of Elders
00:27 Moon Well
02:15 Moon Well
02:48 Ancient of War
02:59 Ancient of Wonders
03:18 Hunter's Hall
04:34 Moon Well
05:05 Moon Well
05:51 Tree of Ages
07:35 Tree of Life
11:08 Moon Well
11:10 Moon Well
11:24 Ancient of Wind
11:27 Ancient of Wind
11:36 Ancient Protector
11:41 Ancient Protector
11:45 Ancient Protector
14:31 Tree of Eternity
14:37 Moon Well
14:46 Moon Well
14:51 Moon Well
15:49 Ancient Protector
17:56 Hunter's Hall
17:59 Ancient of Wonders
» items
| Scroll of Town Portal | 1 | |
| Boots of Speed | 1 | |
2 total

»
Combat_Vet (
red | 27 APM | 587 actions | 22:06)
5 Tauren Chieftain
1 Shockwave
3 Endurance Aura
1 War Stomp
1 Far Seer
1 Far Sight
» actions
| Assign group hotkey | 9 | |
| Basic commands | 3 | |
| Build / train | 77 | |
| Enter build submenu | 26 | |
| Enter hero's abilities submenu | 7 | |
| Right click | 167 | |
| Select / deselect | 218 | |
| Select group hotkey | 27 | |
| Use ability | 53 | |
587 total
» units
| Peon | 19 | |
| Troll Headhunter/Berserker | 4 | |
| Grunt | 5 | |
| Troll Witch Doctor | 10 | |
| Shaman | 11 | |
| Tauren | 4 | |
53 total
» upgrades
| Pillage | 1 | |
| Ranged Weapons | 1 | |
| Armor | 2 | |
| Melee Weapons | 2 | |
| Spiked Barricades | 2 | |
| Shaman Training | 2 | |
| Witch Doctor Training | 2 | |
| Berserker Strength | 1 | |
| Pulverize | 1 | |
14 total
» buildings
| Altar of Storms | 1 | |
| Orc Burrow | 6 | |
| War Mill | 1 | |
| Barracks | 2 | |
| Voodoo Lounge | 1 | |
| Watch Tower | 3 | |
| Stronghold | 1 | |
| Great Hall | 4 | |
| Fortress | 1 | |
| Spirit Lodge | 3 | |
| Tauren Totem | 1 | |
24 total
» build order
00:10 Altar of Storms
00:30 Orc Burrow
01:31 War Mill
01:50 Barracks
02:01 Barracks
02:11 Voodoo Lounge
03:49 Watch Tower
03:52 Watch Tower
05:17 Orc Burrow
05:21 Orc Burrow
06:18 Orc Burrow
06:24 Watch Tower
07:59 Stronghold
09:33 Orc Burrow
10:54 Great Hall
10:59 Great Hall
11:05 Great Hall
11:08 Fortress
11:12 Orc Burrow
11:16 Spirit Lodge
11:19 Spirit Lodge
11:28 Spirit Lodge
11:51 Great Hall
16:24 Tauren Totem

»
momackey11 (
purple | 43 APM | 947 actions | 22:06)
6 Paladin
3 Holy Light
2 Divine Shield
1 Resurrection
1 Archmage
1 Brilliance Aura
» actions
| Assign group hotkey | 12 | |
| Basic commands | 1 | |
| Build / train | 84 | |
| ESC pressed | 1 | |
| Enter build submenu | 34 | |
| Enter hero's abilities submenu | 7 | |
| Give item / drop item | 2 | |
| Right click | 388 | |
| Select / deselect | 251 | |
| Select group hotkey | 111 | |
| Use ability | 56 | |
947 total
» units
| Peasant | 16 | |
| Footman | 11 | |
| Gryphon Rider | 6 | |
| Priest | 10 | |
43 total
» upgrades
| Defend | 1 | |
| Masonry | 2 | |
| Swords | 3 | |
| Armor | 2 | |
| Priest Training | 2 | |
| Storm Hammers | 1 | |
| Lumber Harvesting | 1 | |
| Animal War Training | 1 | |
13 total
» buildings
| Altar of Kings | 1 | |
| Farm | 11 | |
| Barracks | 1 | |
| Lumber Mill | 1 | |
| Keep | 1 | |
| Scout Tower | 10 | |
| Arcane Vault | 1 | |
| Guard Tower | 5 | |
| Arcane Tower | 1 | |
| Town Hall | 1 | |
| Blacksmith | 1 | |
| Castle | 1 | |
| Gryphon Aviary | 2 | |
| Arcane Sanctum | 1 | |
38 total
» build order
00:24 Altar of Kings
00:30 Farm
01:04 Barracks
01:12 Farm
01:44 Lumber Mill
01:52 Farm
02:14 Farm
02:35 Farm
03:22 Farm
05:42 Keep
05:50 Farm
05:54 Farm
06:21 Scout Tower
06:23 Scout Tower
06:37 Arcane Vault
06:53 Guard Tower
06:56 Arcane Tower
06:58 Farm
08:08 Town Hall
08:27 Blacksmith
08:51 Castle
09:19 Gryphon Aviary
09:25 Gryphon Aviary
09:33 Arcane Sanctum
10:09 Guard Tower
10:52 Farm
10:58 Farm
11:07 Scout Tower
12:04 Guard Tower
13:10 Scout Tower
14:40 Scout Tower
14:42 Scout Tower
14:44 Scout Tower
14:57 Scout Tower
14:59 Scout Tower
15:09 Guard Tower
15:34 Guard Tower
15:40 Scout Tower
» items
| Scroll of Regeneration | 1 | |
| Ivory Tower | 7 | |
| Scroll of Town Portal | 2 | |
10 total
Chat log
(00:33 / All) Combat_Vet: man i wish i was human
(00:38 / All) Combat_Vet: i love inner fire
(00:39 / All) Combat_Vet: so cool
(00:58 / Allies) Combat_Vet: u gonna play pink ?
(01:01 / Allies) SorryIWontPlay: yeh
(01:17 / Allies) Combat_Vet: so whats the plan:?
(01:23 / Allies) stalkingnova: hipps
(01:40 / Allies) Combat_Vet: we could rush ya know
(02:31 / Allies) Combat_Vet: get auras
(03:18 / All) Reddawn1: IED
(03:27 / All) Combat_Vet: i was hit for real
(03:30 / Allies) Combat_Vet: help
(03:40 / Allies) Combat_Vet: help
(04:00 / Allies) Combat_Vet: help
(04:03 / Allies) momackey11: it's one here
(04:04 / Allies) momackey11: hero
(04:06 / Allies) momackey11: fight him
(04:18 / Allies) momackey11: unburrow
(04:20 / Allies) momackey11: you pussy
(04:47 / Allies) momackey11: red you suck
(04:49 / Allies) momackey11: go attack
(04:50 / Allies) momackey11: with your hero
(04:51 / All) Reddawn1: why
(05:00 / All) Reddawn1: ow
(05:03 / All) Reddawn1: that hurt
(06:34 / Allies) Combat_Vet: wood please
(06:37 / Allies) Combat_Vet: got fucked up
(06:43 / Allies) momackey11: no you didnt
(06:45 / Allies) momackey11: you burrowed
(06:48 / Allies) momackey11: and didn't atatack the hero
(07:24 / All) Reddawn1: HAHAHAHA
(07:28 / All) Reddawn1: tried to trap me
(07:33 / All) Reddawn1: oh shit
(07:35 / All) Reddawn1: noooo
(07:36 / All) Reddawn1: pink
(07:40 / All) Reddawn1: get away
(07:51 / All) Reddawn1: too slow
(07:57 / All) Reddawn1: dude
(07:58 / All) Reddawn1: blue
(07:59 / All) Reddawn1: wtf
(08:00 / All) Reddawn1: U doing
(08:07 / Allies) stalkingnova: red stop fuckingfolliwng me
(08:25 / Allies) Combat_Vet: this is a team game
(08:34 / Allies) stalkingnova: u slow me down
(09:01 / Allies) momackey11: thanks pink
(09:03 / All) Reddawn1: he a vet
(09:06 / Allies) momackey11: red wtf
(09:27 / Allies) Combat_Vet: getting raiders
(09:42 / All) Reddawn1: fucking blue tk me
(09:54 / All) Combat_Vet: good boy blue
(10:06 / All) momackey11: i just want a normal game
(10:14 / Allies) Combat_Vet: ]should i get raiders or blood lusting shamen
(10:20 / Allies) momackey11: shaman
(10:21 / Allies) stalkingnova: SHAMAN
(10:22 / Allies) momackey11: and docs
(10:25 / Allies) momackey11: raiders suck
(10:26 / Allies) Combat_Vet: move
(10:28 / Allies) Combat_Vet: your men
(10:30 / Allies) Combat_Vet: out of the way
(10:31 / Allies) Combat_Vet: teal
(10:45 / Allies) Combat_Vet: move
(11:23 / Allies) Combat_Vet: getting shamen then
(11:38 / Allies) momackey11: what else?
(11:43 / All) Drayden830: pink
(11:45 / Allies) Combat_Vet: and docs
(11:46 / All) Drayden830: gettin old
(12:00 / Allies) Combat_Vet: turn on well
(12:48 / All) Combat_Vet: u guy sare full
(13:10 / All) Combat_Vet: fulll of shit
(13:12 / All) Combat_Vet: u dont have a tk
(13:19 / All) Reddawn1: i meant he tk my hero
(13:27 / All) Reddawn1: when he was 40 h
(13:28 / All) Reddawn1: h
(13:29 / All) Reddawn1: p
(13:29 / Allies) stalkingnova: make units
(13:40 / Allies) Combat_Vet: pumping casters now
(14:10 / Allies) Combat_Vet: blood lust soon
(14:17 / Allies) Combat_Vet: dont engage till lust
(14:34 / Allies) momackey11: gold plz
(14:37 / Allies) Combat_Vet: heal yourself
(14:44 / Allies) Combat_Vet: with my master docs
(15:01 / Allies) Combat_Vet: wood please now
(15:32 / All) Drayden830: alright
(15:34 / All) Drayden830: im otu
(15:47 / Allies) Combat_Vet: get together
(15:55 / Allies) stalkingnova: come
(16:00 / Allies) stalkingnova: purp pink
(16:23 / Allies) momackey11: waiting on 2nd hero
(16:25 / Allies) momackey11: come down here
(16:28 / Allies) Combat_Vet: getting turens
(16:35 / Allies) Combat_Vet: dont forget to helpl make
(16:39 / Allies) Combat_Vet: healing words
(16:46 / Allies) momackey11: i got priests
(16:57 / Allies) momackey11: for you red
(17:03 / Allies) Combat_Vet: help
(17:13 / Allies) momackey11: come down here
(17:16 / Allies) momackey11: or stay away
(17:17 / Allies) momackey11: get back
(17:18 / Allies) momackey11: wtf
(17:33 / Allies) momackey11: why
(18:01 / Allies) Combat_Vet: help micro please
(18:20 / Allies) Combat_Vet: lets meet now
(18:26 / Allies) Combat_Vet: or attack do something
(18:30 / Allies) Combat_Vet: make word
(18:37 / Allies) stalkingnova: tp
(18:39 / All) Combat_Vet: i cant
(18:41 / Allies) momackey11: tp pink
(18:41 / Allies) momackey11: now
(18:51 / Allies) Combat_Vet: i cant
(18:58 / Allies) momackey11: wtf
(19:13 / All) Drayden830: B
(19:14 / All) Drayden830: out
(19:23 / Allies) Combat_Vet: where is pink?
(19:56 / All) Drayden830: omw
(19:58 / Allies) momackey11: teal share control
(19:58 / Allies) Combat_Vet: help make words
(20:00 / Allies) momackey11: so i can get hero
(20:09 / Allies) stalkingnova: no
(20:12 / Allies) Combat_Vet: please
(20:15 / Allies) momackey11: come on
(20:15 / Allies) Combat_Vet: i cant control
(20:18 / Allies) Combat_Vet: make healing wods
(20:20 / Allies) Combat_Vet: with my men
(20:29 / Allies) momackey11: teal what the fuck
(20:32 / Allies) momackey11: i need hero
(21:29 / All) Drayden830: pink one this for u guys solo
(21:31 / All) Drayden830: shit strat
(21:35 / All) Drayden830: but effective
(21:42 / All) Reddawn1: gg
(21:43 / All) Arafat: gg
(21:43 / All) SorryIWontPlay: real drayden?